 Dungeon Crawl Stone Soup version 0.31-a0-198-g2ad674f65e (webtiles) character file.

Game seed: 8747419456572416289

69 qw the Shooter (level 4, -2/25 HPs)
             Began as a Deep Elf Hunter on June 25, 2023.
             Slain by an orc wizard
             ... wielding a +1 dagger of electrocution
              (4 damage)
             ... on level 3 of the Dungeon.
             The game lasted 00:00:31 (897 turns).

qw the Shooter (Deep Elf Hunter)                     Turns: 897, Time: 00:00:31

Health: -2/25      AC:  3    Str: 10    XL:     4   Next: 2%
Magic:  6/6        EV: 12    Int: 14    God:
Gold:   128        SH:  0    Dex: 18    Spells: 3/3 levels left

rFire   . . .        Y - +0 shortbow
rCold   . . .        (shield currently unavailable)
rNeg    . . .        c - +0 leather armour
rPois   .            (no helmet)
rElec   .            (no cloak)
rCorr   .            (no gloves)
SInv    .            (no boots)
Will    .....        h - amulet of the acrobat
Stlth   ++           (no ring)
HPRegen 0.24/turn    (no ring)
MPRegen 0.10/turn

%: acrobat
@: no status effects
A: no striking features
a: no special abilities


You were on level 3 of the Dungeon.
You visited 1 branch of the dungeon, and saw 3 of its levels.

You collected 128 gold pieces.


   Skills:
 - Level 1.5 Fighting
 + Level 7.4 Ranged Weapons
 - Level 2.4 Dodging
 - Level 1.2 Stealth


You had 3 spell levels left.
You didn't know any spells.
Your spell library was empty.

Inventory:

Hand Weapons
 Y - a +0 shortbow (weapon)
Armour
 a - a +0 scale mail
 c - a +0 leather armour (worn)
Jewellery
 f - a ring of fire
 h - an amulet of the acrobat (around neck)
Scrolls
 d - a scroll of enchant armour {unknown}
 i - a scroll of identify
 j - a scroll of enchant weapon {unknown}
Potions
 b - a potion of magic {unknown}
 e - a potion of brilliance {unknown}
 g - a potion of ambrosia {unknown}

Dungeon Overview and Level Annotations

Branches:
Dungeon (2/15)

Altars:
Trog

Shops:
D:1 (


Message History

You shoot an arrow. The arrow barely misses the orc.
The arrow closely misses the orc wizard.
You shoot an arrow. The arrow hits the orc.
The orc is moderately wounded.
A quokka comes into view.
You shoot an arrow.
The arrow hits the orc but does no damage.
The orc is moderately wounded.
The orc hits you but does no damage.
You shoot an arrow. The arrow hits the orc.
You kill the orc!
The orc wizard points at you and mumbles some strange words.
You are confused.
You have reached level 4!
You feel clever. The quokka completely misses you.
The quokka completely misses you. The quokka barely misses you.
The quokka misses you. The quokka closely misses you.
The orc wizard mumbles some strange words.
The orc wizard flickers and vanishes!
Deactivating autopickup; reactivate with Ctrl-A.
The quokka completely misses you.
You feel less confused. The quokka misses you.
You shoot an arrow. The arrow misses the quokka.
The quokka bites you but does no damage.
The quokka misses you.
You shoot an arrow. The arrow hits the quokka!
You kill the quokka!
You shoot an arrow.
You hear some strange, mumbled words.
A magic dart appears from out of thin air!
The magic dart hits you!
You shoot an arrow. Something hits you but does no damage.
You are electrocuted!
You shoot an arrow. Something hits you.
You shoot an arrow. Something hits you.
You die...

#.......#
#.......#
###.......#
##.........#
##..#.......#
##.##.##.....#
#.##.}.##....#
#.####.####...#
#.. ##. #@..#
#.# # 7{#..# #.
#.#...# ## #.#
.).# }.# ..##
#.# ## #)# .#


There were no monsters in sight!

Vanquished Creatures
  2 adders (D:2)
  2 dart slugs (D:1)
  2 orcs (D:3)
  2 endoplasms (D:1)
  3 giant cockroaches
  5 goblins
  2 hobgoblins
  4 jackals (D:1)
  4 kobolds
  2 quokkas
  4 ball pythons
  4 bats
  A frilled lizard (D:1)
  3 rats (D:1)
40 creatures vanquished.

Notes
Turn   | Place    | Note
-------+----------+-------------------------------------------
     0 | D:1      | qw the Deep Elf Hunter began the quest for the Orb.
     0 | D:1      | Reached XP level 1. HP: 12/12 MP: 3/3
     0 | D:1      | 0 ||| qw: Version: 0.3-a-22-g0ed2b0b
     0 | D:1      | 0 ||| qw: Game counter: 5086
     0 | D:1      | 0 ||| qw: Melee chars always use a shield: true
     0 | D:1      | 0 ||| qw: God list: Okawaru
     0 | D:1      | 0 ||| qw: Allow faded altars: false
     0 | D:1      | 0 ||| qw: Do Orc after clearing Dungeon:15 true
     0 | D:1      | 0 ||| qw: Do second Lair branch before Depths: true
     0 | D:1      | 0 ||| qw: Lair rune preference: random
     0 | D:1      | 0 ||| qw: Goals: Normal
     0 | D:1      | 0 ||| PLANNING D:1-11
    72 | D:1      | Found a faded altar of an unknown god.
   131 | D:1      | Reached XP level 2. HP: 16/16 MP: 4/4
   135 | D:1      | Reached skill level 6 in Ranged Weapons
   223 | D:1      | 223 ||| Stepping ~*~*~tactically~*~*~ (outnumbered).
   225 | D:1      | 225 ||| Stepping ~*~*~tactically~*~*~ (outnumbered).
   227 | D:1      | 227 ||| Stepping ~*~*~tactically~*~*~ (outnumbered).
   292 | D:1      | Found Isoiwaci's Weapon Emporium.
   486 | D:1      | Reached XP level 3. HP: 20/20 MP: 5/5
   537 | D:1      | 537 ||| UPGRADING to amulet of the acrobat.
   542 | D:1      | 542 ||| READING scroll labelled GUVOTH NUSAAMADO.
   543 | D:1      | 543 ||| READING scroll labelled QIABOI NI QUCU.
   580 | D:1      | 580 ||| READING scroll labelled EMI DIUPTABE.
   581 | D:1      | 581 ||| DROPPING scroll of butterflies.
   664 | D:2      | Reached skill level 7 in Ranged Weapons
   834 | D:2      | Found a bloodstained altar of Trog.
   858 | D:2      | You fall into a shaft and drop 1 floor!
   886 | D:3      | Reached XP level 4. HP: 25/25 MP: 6/6
   895 | D:3      | HP: 6/25 [something (12)]
   896 | D:3      | HP: 2/25 [something (5)]
   897 | D:3      | Slain by an orc wizard

Levels and vault maps discovered:
D:1:      dpeg_arrival_lava_temple_mockup, layout_rooms, serial_shops,
          nicolae_shop_bloodbath_and_beyond, ebering_ecumenical_altar_petrified
D:2:      layout_basic, basic_altar
D:3:      layout_loops_ring, led_sif_book, jmf_multi_god_temple2,
          grunt_decor_mini_mirrors, minivault_14, nrook_mini_backslash,
          uniq_robin

Skill      XL: |  1  2  3 |
---------------+----------+-----
Ranged Weapons | 6 7 |  7.4
Fighting       | |  1.5
Dodging        | |  2.4
Stealth        | |  1.2

Action                     |  1- 3 |  4- 6 || total
---------------------------+-------+-------++-------
   Fire: Shortbow          |   117 |     6 ||   123
    Use: Scroll            |     3 |       ||     3
 Armour: Leather armour    |    15 |     2 ||    17
  Dodge: Dodged            |    30 |     8 ||    38

Table legend:
 A = Non-vault XP
 B = Vault XP
 C = Vault XP percentage of total XP
 D = Non-vault monster count
 E = Vault monster count
 F = Vault count percentage of total count
                 A         B        C        D         E       F
            +---------+---------+-------+---------+---------+-------
      Total |      99 |       0 |   0.0 |      40 |       0 |   0.0
            +---------+---------+-------+---------+---------+-------
        D:1 |      41 |       0 |   0.0 |      22 |       0 |   0.0
        D:2 |      48 |       0 |   0.0 |      14 |       0 |   0.0
        D:3 |      10 |       0 |   0.0 |       4 |       0 |   0.0
            +---------+---------+-------+---------+---------+-------
